 Dungeon Crawl Stone Soup version 0.29.1-1-gd02db6906a (webtiles) character file.

Game seed: 18148116179516283408

420 Icepheonix32 the Changer (level 6, -2/44 HPs)
             Began as a Merfolk Transmuter on Oct 5, 2022.
             Slain by an iguana (9 damage)
             ... on level 4 of the Dungeon.
             The game lasted 00:06:27 (4151 turns).

Icepheonix32 the Changer (Merfolk Transmuter)       Turns: 4151, Time: 00:06:27

Health: -2/44      AC:  2    Str: 11    XL:     6   Next: 94%
Magic:  8/10       EV: 22    Int: 14    God:
Gold:   150        SH:  0    Dex: 19    Spells: 4/10 levels left

rFire   . . .      SeeInvis .     - Unarmed
rCold   . . .      Faith    .   (shield currently unavailable)
rNeg    . . .      Spirit   .   (body armour currently unavailable)
rPois   x          Reflect  .   (helmet currently unavailable)
rElec   .          Harm     .   (cloak currently unavailable)
rCorr   .          Rampage  .   (gloves currently unavailable)
Will    .....                   (boots currently unavailable)
Stlth   ++........              p - amulet of magic regeneration
HPRegen 0.14/turn               (no ring)
MPRegen 0.52/turn               (no ring)

@: spider-form, very slightly contaminated
A: venomous fangs, tiny, (nimble swimmer 2), (mertail)
a: End Transformation


You were on level 4 of the Dungeon.
You were a venomous arachnid creature.
You visited 1 branch of the dungeon, and saw 4 of its levels.

You collected 150 gold pieces.

Inventory:

Missiles
 f - 9 boomerangs
 t - 4 silver javelins
Armour
 e - a scarf of invisibility (melded)
 k - a +0 helmet (melded)
 o - a +0 pair of gloves (melded)
 s - a +0 robe of cold resistance (melded)
Magical Staves
 d - a staff of poison (melded)
Jewellery
 p - an amulet of magic regeneration (around neck)
Scrolls
 c - 4 scrolls of immolation
 h - 2 scrolls of identify
 m - a scroll of blinking {unknown}
 u - a scroll of teleportation {unknown}
 v - a scroll of summoning {unknown}
 w - a scroll of vulnerability {unknown}
Potions
 a - a potion of flight {unknown}
 b - 2 potions of lignification
 g - a potion of haste {unknown}
 i - 3 potions of degeneration {unknown}
 j - a potion of resistance {unknown}
 l - a potion of magic {unknown}
 n - a potion of curing {unknown}
 q - 2 potions of mutation {unknown}
 r - 3 potions of attraction {unknown}


   Skills:
 + Level 2.0 Fighting
 + Level 1.0 Staves
 + Level 4.1 Dodging
 + Level 1.0 Stealth
 + Level 3.9 Unarmed Combat
 + Level 2.7 Spellcasting
 * Level 4.5 Transmutations
 * Level 2.3 Poison Magic
 * Level 3.2 Evocations


You had 4 spell levels left.
You knew the following spells:

 Your Spells              Type           Power      Damage    Failure   Level
a - Beastly Appendage     Tmut           28%        N/A       12%         1
b - Wereblood             Tmut           14%        N/A       16%         2
c - Spider Form           Tmut/Pois      11%        N/A       34%         3

Your spell library contained the following spells:

 Spells                   Type           Power      Damage    Failure   Level
 Apportation              Tloc           2%         N/A       43%         1
 Necrotise                Necr           4%         1d4       43%         1
 Vampiric Draining        Necr           1%         2d6       75%         3
 Ice Form                 Ice/Tmut       8%         N/A       83%         4
 Alistair's Intoxication  Tmut/Pois      7%         N/A       94%         5
 Agony                    Necr           1%         N/A       100%        5


Dungeon Overview and Level Annotations

Branches:
Dungeon (4/15)
 Temple: D:4-7

Altars:
Ru
The Shining One


Innate Abilities, Weirdness & Mutations

You are a venomous arachnid creature.
You have poisonous fangs.
You are tiny and dextrous.
Your spellcasting is less reliable in this form.
Your armour is entirely melded.
You are incapable of wielding weapons or throwing items.
((You are very nimble when in or above water. (Stealth+, EV+, Speed+++)))
((Your lower body shifts to a powerful aquatic tail in water.))


Message History

You are very lightly contaminated with residual magic.
Nothing appears to happen.
Unknown command.
The iguana bites you but does no damage.
You feel a surge of power!
You turn into a venomous arachnid creature.
Your staff of poison melds into your body.
Your scarf of invisibility melds into your body.
Your +0 helmet melds into your body.
Your +0 pair of gloves melds into your body.
Your +0 robe of cold resistance melds into your body.
You feel less resistant to cold. The iguana bites you!
The spell is quite dangerous to miscast (34% risk of failure)!
Continue anyway? [Y]es or [N]o only, please.
The spell is quite dangerous to miscast (34% risk of failure)!
Continue anyway? [Y]es or [N]o only, please.
The spell is quite dangerous to miscast (34% risk of failure)!
Continue anyway? [Y]es or [N]o only, please.
The spell is quite dangerous to miscast (34% risk of failure)!
Continue anyway?
Okay, then.
Unknown command.
You hit the iguana but do no damage.
The iguana is poisoned.
The iguana bites you.
You hit the iguana but do no damage. The iguana completely misses you.
You hit the iguana.
The iguana looks as sick as possible!
The iguana is lightly wounded.
The iguana completely misses you.
You hit the iguana.
The iguana looks as sick as possible!
The iguana is heavily wounded.
The iguana bites you!
You are too injured to fight recklessly!
You are too injured to fight recklessly!
You are too injured to fight recklessly!
You hit the iguana.
The iguana looks as sick as possible!
The iguana is heavily wounded.
The iguana bites you!
* * * LOW HITPOINT WARNING * * *
Unknown command.
The iguana attacks as you move away! The iguana bites you!
You die...

#.#......#
#####.#.#.##.##
#.......#.##..#
######.###.###.##...
#...##.# #.# #.###.#
#......# #.. ..# #.#
##...#### #######
#.# #..>###########
#.# #...sl.##.....#
#.#
#.......#.##.....#
#.# #.##.##[#
##.....# #.# # #.
..# #..[..# #.. #.
#.# #.....####### #.
#.# ###......# #
.### #......# #
##_#####......# #
#####
##'#...##..†..# #


You could see an iguana (extremely poisoned).

Vanquished Creatures
  A wyvern (D:4)
  A scorpion (D:4)
  A hound (D:4)
  An iguana (D:4)
  An orc wizard (D:4)
  7 adders
  A worm (D:2)
  2 dart slugs
  An orc (D:3)
  6 endoplasms
  2 giant cockroaches (D:2)
  4 hobgoblins (D:2)
  4 jackals (D:3)
  12 kobolds
  2 quokkas
  12 ball pythons
  3 bats
  2 frilled lizards
  7 goblins
  5 rats
75 creatures vanquished.

Notes
Turn   | Place    | Note
-------+----------+-------------------------------------------
     0 | D:1      | Icepheonix32 the Merfolk Transmuter began the quest for the
                  | Orb.
     0 | D:1      | Reached XP level 1. HP: 15/15 MP: 3/3
   283 | D:1      | Reached XP level 2. HP: 21/21 MP: 3/5
   461 | D:1      | Learned a level 2 spell: Wereblood
   961 | D:2      | Reached skill level 1 in Evocations
   970 | D:2      | Reached XP level 3. HP: 14/26 MP: 6/6
  1879 | D:2      | Identified a scroll of acquirement
  1880 | D:2      | Acquired a staff of poison
  1887 | D:2      | Learned a level 3 spell: Spider Form
  2498 | D:3      | Reached XP level 4. HP: 31/32 MP: 7/7
  2605 | D:3      | Reached skill level 1 in Poison Magic
  3340 | D:4      | Noticed a wyvern
  3350 | D:4      | Killed a wyvern
  3351 | D:4      | Reached XP level 5. HP: 17/37 MP: 8/8
  3351 | D:4      | Reached XP level 6. HP: 19/43 MP: 9/9
  3815 | D:4      | Found a sacrificial altar of Ru.
  3903 | D:4      | Reached skill level 1 in Staves
  4045 | D:4      | Found a glowing golden altar of the Shining One.
  4098 | D:4      | Reached skill level 1 in Stealth
  4151 | D:4      | Slain by an iguana

Illustrated notes

Levels and vault maps discovered:
D:1:      saegor_arrival_simple_c, layout_basic
D:2:      layout_basic, supply_closet_lemuel, minmay_fountain_box,
          hangedman_decor_clover_reticule, minmay_ruptured
D:3:      layout_loops_ring
D:4:      layout_loops_cross, kennysheep_mini,
          nicolae_ru_great_annihilating_truth

Skill      XL: |  1  2  3  4  5  6 |
---------------+-------------------+-----
Dodging        | 3 4 |  4.1
Evocations     | 1 2 3 |  3.2
Transmutations | 3 4 |  4.5
Poison Magic   | 1 2 |  2.3
Fighting       | 2 |  2.0
Staves         | 1 |  1.0
Stealth        | 1 |  1.0
Unarmed Combat | |  3.9
Spellcasting   | |  2.7

Action                   |  1- 3 |  4- 6 || total
-------------------------+-------+-------++-------
Melee: Unarmed           |   106 |    29 ||   135
       Headbutt          |    15 |    14 ||    29
       Punch             |     2 |     3 ||     5
       Staff             |    28 |   112 ||   140
 Cast: Beastly Appendage |    21 |    14 ||    35
       Spider Form       |       |     5 ||     5
       Wereblood         |       |     2 ||     2
  Use: Scroll            |     4 |       ||     4
 Stab: Sleeping          |     3 |     2 ||     5
       Paralysed         |       |     2 ||     2
Armor: Robe              |    32 |    34 ||    66
       Skin              |       |     1 ||     1
Dodge: Dodged            |   120 |    88 ||   208
